 Dungeon Crawl Stone Soup version bcrawl-1.20.1 (webtiles) character file.

Game seed: 3168639583657941345

6197 Revguard the Carver (level 11, -14/81 HPs)
             Began as a Human Fighter on Jan 25, 2020.
             Was a Believer of the Shining One.
             Shot with a bolt by an orc warrior (21 damage)
             ... in a bailey.
             The game lasted 00:17:03 (7383 turns).

Revguard the Carver (Human Fighter)                 Turns: 7383, Time: 00:17:04

Health: -14/81     AC: 14    Str: 18      XL:     11   Next: 14%
Magic:  16/16      EV:  7    Int: 11 (12) God:    the Shining One [**....]
Gold:   460        SH: 14    Dex: 15      Spells: 10/10 levels left

rFire    + . .     SeeInvis .   F - +2 scimitar
rCold    . . .     Gourm    .   c - +0 shield
rNeg     + . .     Faith    .   p - +0 chain mail
rPois    .         Spirit   .   (no helmet)
rElec    .         Reflect  .   l - +0 cloak
rCorr    .         Harm     .   k - +0 pair of gloves
MR       .....                  g - +0 pair of boots
Stlth    ..........             (no amulet)
HPRegen  0.23/turn              C - ring of protection from fire
MPRegen  0.15/turn              (no ring)

@: glowing
A: clever 1, deterioration 1, strong 1
a: Divine Shield, Renounce Religion


You were in a bailey.
You worshipped the Shining One.
The Shining One was pleased with you.
You were not hungry.

You visited 2 branches of the dungeon, and saw 10 of its levels.
You also visited: Bailey.

You collected 572 gold pieces.
You spent 112 gold pieces at shops.

Inventory:

Hand Weapons
 a - a +1 long sword
 F - a +2 scimitar (weapon)
Missiles
 m - 56 tomahawks (quivered)
Armour
 c - a +0 shield (worn)
 g - a +0 pair of boots (worn)
 k - a +0 pair of gloves (worn)
 l - a +0 cloak (worn)
 p - a +0 chain mail (worn)
Jewellery
 q - an uncursed ring of fire {unknown}
 C - a ring of protection from fire (left hand)
Wands
 d - a wand of flame (40)
 s - a wand of random effects (8)
 x - a wand of disintegration (21)
 y - a wand of clouds (4)
 B - a wand of iceblast (10)
Scrolls
 f - a scroll of blinking
 h - a scroll of magic mapping
 i - a scroll of torment {unknown}
 j - 5 scrolls of remove curse
 n - 3 scrolls of enchant weapon
 o - a scroll of fog {unknown}
 r - 6 scrolls of teleportation
 v - a scroll of immolation
 z - a scroll of amnesia
 D - a scroll of silence {unknown}
 E - 2 scrolls of identify
Potions
 b - a potion of curing
 t - a potion of magic
 u - a potion of agility
 w - a potion of resistance
Comestibles
 e - 16 rations {!d}


   Skills:
 + Level 6.0 Fighting
 + Level 10.7 Long Blades
 + Level 0.5 Throwing
 + Level 7.0 Armour
 + Level 3.1 Dodging
 + Level 8.3 Shields
 * Level 6.8 Invocations
 + Level 4.6 Evocations


You had 10 spell levels left.
You didn't know any spells.
Your spell library contained the following spells:

 Spells                   Type           Power        Failure   Level  Hunger
 Apportation              Tloc           #.....       100%        1    ##.....
 Infusion                 Chrm           #.......     100%        1    ##.....
 Sandblast                Erth           #.....       100%        1    ##.....
 Slow                     Hex            #.......     100%        1    ##.....
 Summon Butterflies       Summ           #.......     100%        1    ##.....


Dungeon Overview and Level Annotations

Branches:
Dungeon (9/12)             Temple (1/1) D:4            Lair (0/6) D:7
    Orc (0/1) D:9

Altars:
Ashenzari
Cheibriados
Dithmenos
Elyvilon
Fedhas
Gozag
Hepliaklqana
Kikubaaqudgha
Lugonu
Makhleb
Nemelex Xobeh
Okawaru
Qazlal
Ru
Sif Muna
Trog
Uskayaw
Vehumet
Wu Jian
Xom
Yredelemnul
Zin
The Shining One

Shops:
D:4 *


Innate Abilities, Weirdness & Mutations

Your mind is acute. (Int +2)
Your body sometimes deteriorates upon taking damage.
Your muscles are strong. (Str +2)


Message History

The orc is heavily wounded.
You block the orc's attack.
The orc warrior shoots a bolt.
The bolt hits you!
The orc warrior shoots a bolt.
The bolt hits you!
You slash the orc!
You kill the orc!
The orc warrior shoots a bolt.
You block the bolt.
The orc warrior shoots a bolt.
The bolt hits you!
Your body deteriorates!
You feel dopey.
Items here: ( ) [ † a +0 arbalest; 184 bolts; a +0 scale mail; an orc corpse The orc warrior shoots a bolt.
You block the bolt.
The orc warrior shoots a bolt.
The bolt hits you!!
* * * LOW HITPOINT WARNING * * *
Items here: ( ) [ † a +0 arbalest; 184 bolts; a +0 scale mail; an orc corpse The orc warrior shoots a bolt.
You block the bolt.
The orc warrior shoots a bolt.
The bolt hits you!
* * * LOW HITPOINT WARNING * * *
The orc warrior shoots a bolt.
The bolt hits you!!
You die...

#...............##
#..............##o
#..............#..
#.............##.#
#.............##.+
........##.#
........##.+
........##.##
........##@.#
........)...#
............#
..≈≈≈≈≈.....#
.≈≈#o#≈≈....#
.≈##.o#≈...... .≈
.^..≈.......
##.##≈........ #.
≈≈........


You could see 3 orc warriors.

Vanquished Creatures
  A centaur warrior (D:8)
  Pikel (D:8)
  A deep elf mage (D:8)
  A manticore (D:9)
  A kobold demonologist (D:8)
  2 trolls
  A hippogriff (D:9)
  A wraith (D:8)
  A hornet zombie (D:5)
  3 ice beasts
  3 orc warriors (Bailey)
  2 black bears
  An ogre (D:9)
  A sky beast (D:6)
  2 phantoms (D:7)
  2 centaurs
  5 bullfrogs
  8 wights
  3 howler monkeys
  2 crimson imps (D:5)
  A bullfrog zombie (D:7)
  A centaur zombie (D:5)
  A quasit (D:7)
  2 jellies (D:6)
  2 hounds (D:7)
  5 orc wizards
  2 centaur skeletons
  2 iguanas
  3 worker ants
  A howler monkey zombie (D:8)
  A worker ant zombie (D:5)
  A howler monkey skeleton (D:6)
  4 gnolls (D:7)
  6 adders
  A shadow imp (D:6)
  4 oozes
  2 adder zombies
  3 worms
  6 dart slugs
  5 leopard geckos
  22 orcs
  7 giant cockroaches
  2 hobgoblins
  4 jackals (D:1)
  7 kobolds
  2 quokkas (D:5)
  A ball python (D:1)
  4 bats
  5 frilled lizards
  8 goblins
  A jackal skeleton (D:4)
  A quokka skeleton (D:5)
  7 rats
166 creatures vanquished.

Notes
Turn   | Place    | Note
-------+----------+-------------------------------------------
     0 | D:1      | Revguard the Human Fighter began the quest for the Orb.
     0 | D:1      | Reached XP level 1. HP: 18/18 MP: 1/1
    51 | D:1      | Reached XP level 2. HP: 24/24 MP: 2/2
   173 | D:1      | Reached XP level 3. HP: 8/29 MP: 3/3
   497 | D:1      | Reached XP level 4. HP: 32/35 MP: 4/4
   573 | D:1      | Reached skill level 3 in Long Blades
   828 | D:2      | Found an iron altar of Okawaru.
   898 | D:2      | Found a blossoming altar of Fedhas.
   903 | D:2      | Found a bloodstained altar of Trog.
   911 | D:2      | Found a sparkling altar of Nemelex Xobeh.
   911 | D:2      | Found a shattered altar of Ashenzari.
  1395 | D:3      | Reached XP level 5. HP: 27/41 MP: 5/5
  1647 | D:3      | Noticed an ice beast
  1647 | D:3      | Noticed a black bear
  1658 | D:3      | Killed a black bear
  1658 | D:3      | Reached skill level 4 in Long Blades
  1658 | D:3      | Reached skill level 1 in Dodging
  1658 | D:3      | Reached XP level 6. HP: 45/47 MP: 6/6
  1665 | D:3      | Killed an ice beast
  1919 | D:3      | Reached skill level 5 in Long Blades
  1946 | D:3      | Gained mutation: You are partially covered in iridescent
                  | scales. (AC +2) [potion of mutation]
  1946 | D:3      | Gained mutation: You have sharp toenails. [potion of
                  | mutation]
  1946 | D:3      | Gained mutation: You passively map a small area around you.
                  | [potion of mutation]
  1947 | D:3      | Lost mutation: You are partially covered in iridescent
                  | scales. (AC +2) [potion of mutation]
  1947 | D:3      | Lost mutation: You have sharp toenails. [potion of
                  | mutation]
  1947 | D:3      | Lost mutation: You passively map a small area around you.
                  | [potion of mutation]
  1947 | D:3      | Gained mutation: Your mind is acute. (Int +2) [potion of
                  | mutation]
  1947 | D:3      | Gained mutation: Your body sometimes deteriorates upon
                  | taking damage. [potion of mutation]
  1947 | D:3      | Gained mutation: Your muscles are strong. (Str +2) [potion
                  | of mutation]
  2059 | D:3      | Reached XP level 7. HP: 48/53 MP: 7/7
  2787 | D:4      | Found a staircase to the Ecumenical Temple.
  2810 | Temple   | Entered the Ecumenical Temple
  2963 | Temple   | Became a worshipper of the Shining One
  3059 | D:4      | Found Gynopylo's Assorted Antiques.
  3067 | D:4      | Bought a crooked iron wand for 112 gold pieces
  3191 | D:5      | Entered Level 5 of the Dungeon
  3368 | D:5      | Reached skill level 5 in Shields
  3368 | D:5      | Reached skill level 1 in Evocations
  3610 | D:5      | Reached skill level 6 in Long Blades
  3610 | D:5      | Reached skill level 5 in Armour
  3636 | D:5      | Reached XP level 8. HP: 37/60 MP: 9/9
  3765 | D:5      | Found a corrupted altar of Lugonu.
  4610 | D:6      | Reached skill level 1 in Invocations
  4760 | D:6      | Reached skill level 7 in Long Blades
  4864 | D:6      | Found a shimmering altar of Xom.
  4866 | D:6      | Found a shimmering altar of Xom.
  4965 | D:6      | Found a shimmering altar of Xom.
  4966 | D:6      | Found a shimmering altar of Xom.
  4966 | D:6      | Found a shimmering altar of Xom.
  5140 | D:6      | Reached * piety under the Shining One
  5150 | D:6      | Noticed a troll
  5167 | D:6      | Killed a troll
  5167 | D:6      | Reached XP level 9. HP: 37/66 MP: 11/11
  5303 | D:6      | Found a glowing silver altar of Zin.
  5363 | D:7      | Found a staircase to the Lair.
  5388 | D:7      | Noticed a troll
  5395 | D:7      | Killed a troll
  5658 | D:7      | Reached skill level 8 in Long Blades
  5810 | D:7      | Reached skill level 5 in Fighting
  6175 | D:8      | Reached ** piety under the Shining One
  6233 | D:8      | Reached XP level 10. HP: 74/74 MP: 13/13
  6234 | D:8      | Noticed a centaur warrior
  6234 | D:8      | Noticed a deep elf mage
  6234 | D:8      | Noticed a kobold demonologist
  6248 | D:8      | Killed a deep elf mage
  6248 | D:8      | Reached skill level 9 in Long Blades
  6248 | D:8      | Reached skill level 5 in Invocations
  6250 | D:8      | Noticed a rust devil
  6253 | D:8      | Killed a kobold demonologist
  6260 | D:8      | Killed a centaur warrior
  6571 | D:8      | Noticed Pikel
  6589 | D:8      | Killed Pikel
  6589 | D:8      | Reached skill level 10 in Long Blades
  6657 | D:8      | Found a stormy altar of Qazlal.
  7054 | D:9      | Found a flagged portal.
  7105 | D:9      | Noticed a manticore
  7106 | D:9      | Reached XP level 11. HP: 72/81 MP: 15/15
  7124 | D:9      | Killed a manticore
  7134 | Bailey   | Entered a bailey
  7383 | Bailey   | Shot with a bolt by an orc warrior

Skill      XL: |  1  2  3  4  5  6  7  8  9 10 11 |
---------------+----------------------------------+-----
Long Blades    | 3 4 5 6 7 8 10 | 10.7
Shields        | 4 5 6 8 |  8.3
Armour         | 4 5 6 7 |  7.0
Dodging        | 1 2 3 |  3.1
Fighting       | 4 5 6 |  6.0
Evocations     | 2 3 4 |  4.6
Invocations    | 2 4 6 |  6.8
Throwing       | |  0.5

Action                   |  1- 3 |  4- 6 |  7- 9 | 10-12 || total
-------------------------+-------+-------+-------+-------++-------
Melee: Long sword        |   117 |   195 |   387 |    77 ||   776
       Scimitar          |       |       |       |    29 ||    29
Throw: Tomahawk          |       |       |       |     5 ||     5
Evoke: Wand              |       |       |       |     1 ||     1
  Use: Potion            |       |     8 |     3 |     6 ||    17
       Scroll            |       |     6 |     6 |     1 ||    13
  Eat: Chunk             |       |     4 |    11 |     3 ||    18
       Ration            |       |       |     1 |       ||     1
Armor: Scale mail        |    73 |    79 |    36 |       ||   188
       Chain mail        |       |       |   136 |    28 ||   164
Dodge: Dodged            |    36 |    50 |    91 |    30 ||   207
Block: Shield            |    59 |    85 |   249 |    76 ||   469
